Map: Abyssal Reef LE

Players

iiiiiiiii

  • Race: Zerg Zerg
  • League: Master
  • Spawn Location: 5:00

NORTHAMERICA - Winner!

  • Race: Protoss Protoss
  • League: Master
  • Spawn Location: 11:00

VOD

Have the link to the VOD?

Description

Time

  • Played on: Dec. 27, 2017, 11:52 p.m.
  • Length: 13:45
Show
View Real Time Build Order
Export as new Build Order

iiiiiiiii Zerg 

Build Orders: Hatch First, Lurkers 

Get SALT Encoding   

  12  0:01  Drone  
  13  0:13  Overlord  
  13  0:17  Drone  
  14  0:31  Drone x2  
  16  0:36  Drone  
  17  0:54  Hatchery  
  17  0:55  Drone  
  17  0:59  Drone  
  18  1:09  Extractor  
  17  1:14  Spawning Pool  
  17  1:18  Drone  
  17  1:21  Drone  
  18  1:29  Drone  
  19  1:41  Overlord  
  19  1:54  Drone  
  20  2:01  Queen  
  20  2:02  Zergling x2  
  20  2:06  Queen, Drone  
  26  2:12  Metabolic Boost  
  26  2:22  Drone x2  
  28  2:36  Hatchery  
  27  2:41  Drone x2  
  27  2:42  Zergling x2  
  30  2:53  Zergling x2  
  30  2:54  Drone x2  
  33  3:06  Overlord  
  33  3:07  Drone x2  
  35  3:16  Drone  
  35  3:17  Overlord  
  36  3:24  Lair, Spore Crawler  
  36  3:25  Drone  
  36  3:26  Drone x2  
  38  3:32  Drone x3  
  41  3:39  Drone, Spore Crawler  
  41  3:48  Drone  
  41  3:49  Drone x4  
  41  3:55  Extractor, Queen  
  45  3:57  Drone  
  45  4:01  Drone  
  45  4:02  Drone  
  49  4:10  Overlord  
  49  4:11  Drone x4  
  49  4:13  Overlord  
  53  4:23  Zergling x2  
  53  4:24  Hydralisk Den, Zergling x6  
  57  4:27  Overlord  
  56  4:32  Extractor  
  56  4:35  Extractor  
  56  4:37  Overlord, Spore Crawler  
  56  4:38  Drone x3  
  56  4:43  Overlord  
  56  4:49  Drone x4  
  58  4:54  Muscular Augments  
  58  4:59  Hydralisk x2  
  62  5:07  Hydralisk x2  
  62  5:08  Drone x2  
  62  5:10  Drone  
  69  5:21  Hydralisk x3  
  75  5:29  Hydralisk x3  
  81  5:38  Overlord  
  81  5:40  Hydralisk x2  
  85  5:46  Overlord  
  85  5:47  Overlord  
  85  5:50  Overlord  
  85  5:54  Overlord x2  
  85  6:00  Hydralisk x2  
  89  6:06  Hydralisk x3  
  89  6:09  Zergling x4  
  96  6:19  Hydralisk x3  
  96  6:25  Hydralisk x2  
  100  6:30  Zergling x10  
  100  6:37  Hydralisk x2  
  98  6:41  Overseer  
  98  6:48  Hydralisk x2  
  98  6:54  Hydralisk  
  102  6:56  Zergling x6  
  105  7:02  Hydralisk x2  
  105  7:07  Hydralisk  
  101  7:14  Hydralisk  
  96  7:15  Hydralisk  
  96  7:21  Hydralisk  
  97  7:26  Hydralisk  
  96  7:30  Hydralisk  
  96  7:33  Zergling x2  
  96  7:34  Zergling x20  
  109  7:39  Hydralisk  
  109  7:42  Hydralisk  
  100  7:51  Hydralisk x2  
  92  7:53  Hydralisk  
  92  7:57  Hydralisk  
  100  8:01  Zergling x2  
  100  8:02  Zergling x4  
  103  8:06  Zergling x4  
  103  8:09  Hydralisk  
  106  8:17  Hydralisk x3  
  107  8:20  Zergling x10  
  107  8:26  Hydralisk x2  
  99  8:28  Drone x2  
  99  8:32  Drone x2  
  97  8:34  Extractor  
  97  8:36  Extractor  
  95  8:42  Lurker Den  
  95  8:44  Drone x2  
  95  8:45  Drone x7  
  103  8:59  Drone x2  
  99  9:05  Drone x3  
  102  9:10  Overlord  
  102  9:17  Hatchery  
  102  9:18  Hydralisk x4  
  102  9:19  Hydralisk  
  111  9:28  Drone x7  
  118  9:36  Extractor  
  117  9:40  Extractor  
  115  9:46  Hydralisk x6  
  115  9:48  Overlord  
  127  10:09  Lurker x6  
  127  10:10  Lurker  
  127  10:11  Zergling x6  
  127  10:12  Zergling x6, Overseer  
  140  10:18  Lurker  
  140  10:20  Zergling x2  
  140  10:21  Overlord x2, Zergling x8  
  146  10:32  Drone x3  
  146  10:33  Overlord, Drone x3  
  146  10:34  Overlord  
  151  10:39  Queen  
  152  10:55  Lurker x2  
  152  10:56  Lurker x6  
  156  11:05  Zergling x2  
  156  11:06  Hydralisk x4  
  156  11:10  Hydralisk x2  
  149  11:11  Zergling x2  
  149  11:12  Zergling x14  
  149  11:18  Overseer  
  155  11:21  Hydralisk x3  
  155  11:23  Zergling x4  
  158  11:39  Hydralisk Den  
  146  11:40  Lurker x2  
  146  11:41  Zergling x10  
  146  11:42  Zergling x6  
  140  11:50  Lurker  
  114  12:08  Hydralisk x2  
  108  12:21  Hydralisk x2  
  112  12:29  Hydralisk x4  
  90  12:44  Lurker x2  
  57  13:09  Extractor  
Show
View Real Time Build Order
Export as new Build Order

NORTHAMERICA Protoss - Winner!

Build Orders: 1 Gate Expand, Oracle Opening 

Get SALT Encoding   

  12  0:01  Probe  
  13  0:13  Probe  
  14  0:22  Pylon  
  14  0:25  Probe  
  15  0:40  Probe (Chrono Boost)  
  15  0:42  Gateway  
  16  0:52  Probe (Chrono Boost), Assimilator  
  17  0:59  Probe (Chrono Boost)  
  18  1:06  Probe  
  19  1:25  Nexus  
  19  1:35  Cybernetics Core  
  19  1:39  Probe (Chrono Boost)  
  20  1:48  Assimilator  
  20  1:49  Probe (Chrono Boost)  
  21  1:54  Probe (Chrono Boost)  
  21  1:58  Pylon  
  22  2:06  Probe  
  23  2:15  Adept (Chrono Boost)  
  23  2:18  Probe  
  26  2:29  Stargate  
  26  2:30  Probe  
  26  2:34  Adept  
  29  2:38  Warp Gate (Chrono Boost)  
  29  2:42  Probe x2  
  31  2:54  Probe  
  31  2:57  Probe  
  33  3:06  Probe, Adept  
  33  3:10  Probe  
  37  3:16  Oracle (Chrono Boost)  
  40  3:22  Gateway, Shield Battery  
  40  3:28  Gateway  
  40  3:30  Probe  
  40  3:33  Probe (Chrono Boost)  
  42  3:42  Probe (Chrono Boost), Pylon  
  44  3:51  Probe (Chrono Boost)  
  44  3:53  Probe (Chrono Boost)  
  45  3:58  Probe x2 (Chrono Boost)  
  45  4:00  Phoenix  
  49  4:03  Pylon  
  49  4:09  Probe  
  48  4:11  Probe  
  49  4:23  Probe (Chrono Boost)  
  51  4:25  Probe (Chrono Boost)  
  51  4:28  Twilight Council  
  51  4:29  Assimilator  
  51  4:33  Assimilator, Forge  
  51  4:34  Probe (Chrono Boost)  
  51  4:35  Adept x2  
  51  4:37  Probe (Chrono Boost)  
  57  4:39  Probe (Chrono Boost)  
  58  4:46  Probe  
  58  4:49  Probe  
  58  4:52  Nexus  
  60  4:53  Sentry  
  60  4:57  Pylon  
  62  5:05  Robotics Facility  
  62  5:06  Protoss Ground Weapons Level 1  
  62  5:07  Charge (Chrono Boost)  
  62  5:09  Pylon  
  62  5:15  Probe  
  62  5:16  Probe  
  62  5:17  Pylon  
  64  5:27  Probe  
  65  5:29  Probe  
  66  5:37  Gateway  
  66  5:39  Probe, Gateway  
  66  5:40  Stalker  
  66  5:41  Probe  
  70  5:52  Sentry  
  70  5:55  Sentry, Shield Battery x2  
  74  5:58  Photon Cannon, Immortal (Chrono Boost)  
  78  6:05  Photon Cannon  
  78  6:08  Sentry  
  78  6:11  Photon Cannon  
  80  6:19  Zealot x2  
  80  6:31  Immortal (Chrono Boost)  
  78  6:34  Zealot  
  78  6:42  Shield Battery  
  78  6:44  Probe  
  78  6:45  Robotics Bay  
  80  6:47  Probe  
  80  6:48  Zealot x2  
  81  6:55  Probe  
  81  6:56  Probe  
  83  7:01  Zealot x2  
  83  7:02  Zealot  
  83  7:04  Immortal (Chrono Boost)  
  82  7:14  Zealot x2  
  78  7:22  Zealot x2  
  76  7:23  Zealot  
  75  7:33  Templar Archives  
  75  7:35  Zealot  
  75  7:36  Zealot  
  77  7:39  Colossus (Chrono Boost)  
  74  7:45  Zealot x2  
  74  7:50  Extended Thermal Lance (Chrono Boost)  
  74  7:51  Probe  
  72  7:52  Probe  
  72  7:55  Probe  
  72  7:56  Pylon  
  74  8:03  Probe, Zealot x2  
  79  8:13  Cybernetics Core, Probe  
  79  8:16  Zealot x2  
  73  8:23  Zealot  
  73  8:24  Zealot  
  59  8:34  Probe  
  63  8:39  Probe  
  63  8:40  Probe  
  65  8:41  High Templar  
  65  8:42  High Templar  
  65  8:46  Probe  
  65  8:47  Archon  
  70  8:50  Colossus (Chrono Boost), Zealot x2  
  70  8:52  Probe x2  
  76  8:58  Probe  
  77  9:04  Probe x2  
  79  9:10  Probe  
  79  9:13  Photon Cannon  
  79  9:15  High Templar x2  
  79  9:16  Probe x2  
  86  9:19  Zealot  
  86  9:20  Archon  
  86  9:22  Probe, Zealot  
  91  9:28  Probe x2  
  93  9:32  Warp Prism (Chrono Boost)  
  93  9:34  Probe  
  96  9:40  Probe x2  
  98  9:47  High Templar  
  98  9:51  Pylon  
  98  9:52  Pylon  
  100  10:06  Colossus (Chrono Boost)  
  100  10:09  Gateway  
  100  10:12  Probe  
  100  10:13  Probe, Gateway  
  108  10:15  Assimilator  
  108  10:16  Pylon  
  108  10:17  Assimilator  
  108  10:19  Zealot x3  
  108  10:20  Zealot  
  116  10:23  Protoss Ground Weapons Level 2  
  116  10:30  Probe  
  117  10:37  Gateway x2  
  117  10:47  Nexus  
  117  10:48  Pylon  
  117  10:53  Observer (Chrono Boost)  
  118  10:57  Zealot x3  
  120  11:18  Immortal (Chrono Boost)  
  120  11:24  Zealot x3  
  120  11:25  Photon Cannon, Zealot  
  132  11:27  Photon Cannon  
  132  11:28  Probe, Pylon  
  124  11:40  Probe  
  124  11:41  Probe  
  124  11:45  High Templar x5  
  128  11:48  Pylon  
  128  11:49  Probe, Pylon  
  128  11:52  Probe, Archon x2  
  128  11:53  Archon  
  122  11:54  Dark Shrine  
  118  12:01  Pylon  
  118  12:05  Pylon  
  118  12:07  Pylon  
  109  12:12  Zealot x2  
  111  12:18  Probe  
  105  12:23  Zealot x3  
  105  12:24  Zealot  
  100  12:31  Robotics Facility  
  87  12:40  High Templar x2  
  87  12:46  High Templar x2  
  87  12:47  Archon  
  87  12:48  High Templar x2  
  95  13:03  Archon x2  
  92  13:32  Photon Cannon  
Tags
 
Add a new tag
Caveats
  • Supply blocks, unpowered buildings, or Contaminate may cause inaccurate times.
  • Supply counts are checked every 10 seconds.